 Dungeon Crawl Stone Soup version 0.25.0-1-g7eea58d2a3 (webtiles) character file.

Game seed: 9655617752897480589

212 MDvedh the Ruffian (level 5, -8/53 HPs)
             Began as a Troll Monk on June 13, 2020.
             Mangled by an orc wizard
             ... wielding a +1 dagger of electrocution
              (10 damage)
             ... on level 3 of the Dungeon.
             The game lasted 00:02:35 (2011 turns).

MDvedh the Ruffian (Troll Monk)                     Turns: 2011, Time: 00:02:36

Health: -8/53      AC:  6    Str: 20    XL:     5   Next: 58%
Magic:  4/4        EV: 10    Int:  6    God:
Gold:   99         SH:  0    Dex: 12    Spells: 4/4 levels left

rFire    . . .     SeeInvis .     - Unarmed
rCold    . . .     Gourm    +   (no shield)
rNeg     . . .     Faith    .   a - +0 robe
rPois    .         Spirit   .   (helmet restricted)
rElec    .         Reflect  .   i - scarf {+Inv}
rCorr    .         Harm     .   (gloves unavailable)
MR       .....                  (boots unavailable)
Stlth    ++........             (no amulet)
HPRegen  0.57/turn              (no ring)
MPRegen  0.09/turn              (no ring)

@: lethally poisoned (-8 -> -8), hasted, very quick
A: large, unfitting armour, claws 3, fast metabolism 3, gourmand, regeneration
1, shaggy fur 1, tough skin 3
a: Evoke Invisibility


You were on level 3 of the Dungeon.
You were completely stuffed.

You visited 1 branch of the dungeon, and saw 3 of its levels.

You collected 99 gold pieces.

Inventory:

Armour
 a - a +0 robe (worn)
 i - a scarf of invisibility (worn)
Scrolls
 c - 2 scrolls of identify {unknown}
 f - a scroll of enchant weapon {unknown}
 g - a scroll of noise {unknown}
 h - 2 scrolls of teleportation {unknown}
Potions
 j - a potion of degeneration {unknown}
 k - a potion of heal wounds {unknown}
Comestibles
 b - 9 rations
 d - 5 chunks of flesh


   Skills:
 + Level 3.5 Fighting
 - Level 2.4 Dodging
 - Level 1.0 Stealth
 * Level 5.5 Unarmed Combat


You had 4 spell levels left.
You didn't know any spells.
Your spell library was empty.

Dungeon Overview and Level Annotations

Branches:
Dungeon (3/15)

Altars:
Sif Muna


Innate Abilities, Weirdness & Mutations

You are too large for most types of armour.
You have claws for hands.
Your metabolism is lightning-fast.
You like to eat raw meat.
Your natural rate of healing is unusually fast.
You are covered in fur. (AC +1)
You have extremely tough skin. (AC +3)


Message History

The orc hits you with a +0 flail.
* * * LOW HITPOINT WARNING * * *
Unknown command.
You feel sick.
You claw the orc!
You kill the orc!
You feel sick.
The orc wizard gestures wildly while chanting.
The orc wizard seems to speed up.
You barely miss the orc wizard.
The orc wizard is almost dead.
You feel sick.
The orc wizard points at you and mumbles some strange words.
The magic dart hits you.
* * * LOW HITPOINT WARNING * * *
It was a potion of haste.
You feel yourself speed up. The orc wizard misses you.
The orc wizard hits you but does no damage.
You are electrocuted!
You die...

#.##..#.....................##
##.###.....######..#.#...#
#..##.##### #..#.#...## #
##.##.# #..........
...####..#.# #..#.#...##
.........#.# ### #.......
.........#.# #.# ####...##.
...........###.# .. ...
#...........##@# ..
#...........##o# .#
#.........>..#o##.###
#........##..#ro)r..#..
#..............#.......
####.................#.
#........##.#.....#
####.....##.#.....#
#................


You could see an orc wizard (fast), 2 orcs and a rat.

Vanquished Creatures
  A howler monkey (D:2)
  An orc priest (D:3)
  Jessica (D:3)
  5 gnolls
  An ooze (D:2)
  A dart slug (D:3)
  A leopard gecko (D:3)
  An orc (D:3)
  4 bats (D:1)
  5 giant cockroaches
  7 goblins
  8 hobgoblins
  7 jackals (D:1)
  A quokka (D:2)
  A ball python (D:3)
  5 frilled lizards
  8 kobolds
  7 rats
65 creatures vanquished.

Notes
Turn   | Place    | Note
-------+----------+-------------------------------------------
     0 | D:1      | MDvedh the Troll Monk began the quest for the Orb.
     0 | D:1      | Reached XP level 1. HP: 22/22 MP: 0/0
   138 | D:1      | Reached XP level 2. HP: 29/29 MP: 1/1
   331 | D:1      | Reached XP level 3. HP: 36/36 MP: 2/2
   379 | D:1      | Reached skill level 4 in Unarmed Combat
  1029 | D:2      | Found a shimmering blue altar of Sif Muna.
  1283 | D:2      | Reached XP level 4. HP: 45/45 MP: 3/3
  1443 | D:2      | Reached skill level 5 in Unarmed Combat
  1443 | D:2      | Reached XP level 5. HP: 53/53 MP: 4/4
  1897 | D:3      | Noticed Jessica
  1903 | D:3      | Killed Jessica
  2010 | D:3      | HP: 1/53 [orc wizard/magic dart (5)]
  2011 | D:3      | Mangled by an orc wizard

Illustrated notes

Levels and vault maps discovered:
D:1:      dpeg_arrival_subterranean_lakeside_camping, layout_basic,
          due_unseen_surprise
D:2:      layout_basic, lemuel_round_altar
D:3:      layout_basic, uniq_jessica

Skill      XL: |  1  2  3  4 |
---------------+-------------+-----
Unarmed Combat | 4 5 |  5.5
Fighting       | 3 |  3.5
Dodging        | |  2.4
Stealth        | |  1.0

Action                   |  1- 3 |  4- 6 || total
-------------------------+-------+-------++-------
Melee: Unarmed           |   131 |    57 ||   188
       Punch             |       |     1 ||     1
  Use: Potion            |       |     1 ||     1
 Stab: Sleeping          |     3 |     1 ||     4
  Eat: Chunk             |    17 |     7 ||    24
Armor: Robe              |    57 |    12 ||    69
Dodge: Dodged            |    84 |    23 ||   107
